 Dungeon Crawl Stone Soup version 0.28-a0-1435-g82390b3a13 (webtiles) character file.

Game seed: 7673599723086345531

1162 Shayle the Grasshopper (level 8, -4/64 HPs)
             Began as a Gnoll Warper on Jan 9, 2022.
             Shot with an arrow by a centaur (5 damage)
             ... on level 7 of the Dungeon.
             The game lasted 00:15:00 (5443 turns).

Shayle the Grasshopper (Gnoll Warper)               Turns: 5443, Time: 00:15:01

Health: -4/64      AC:  8    Str: 11    XL:     8   Next: 39%
Magic:  17/17      EV: 12    Int: 14    God:
Gold:   183        SH:  0    Dex: 12    Spells: 9/19 levels left

rFire   . . .      SeeInvis .   f - +1 lajatang
rCold   . . .      Faith    .   (shield currently unavailable)
rNeg    . . .      Spirit   .   r - +0 ring mail
rPois   .          Reflect  .   (no helmet)
rElec   .          Harm     .   (no cloak)
rCorr   .          Rampage  .   q - +1 pair of gloves
Will    .....                   (no boots)
Stlth   ++........              l - amulet of regeneration
HPRegen 1.00/turn               (no ring)
MPRegen 0.15/turn               (no ring)

@: about to teleport
A: fangs 1, strong nose, distributed training
a: no special abilities


You were on level 7 of the Dungeon.
You visited 2 branches of the dungeon, and saw 8 of its levels.

You collected 183 gold pieces.

Inventory:

Hand Weapons
 f - a +1 lajatang (weapon)
 j - a +2 dagger of distortion
 z - a +5 halberd
 A - a +3 dagger of freezing
Missiles
 c - 11 poisoned darts
 g - 5 boomerangs
 w - 4 curare-tipped darts (quivered)
Armour
 a - a +0 leather armour
 m - a +0 kite shield
 q - a +1 pair of gloves (worn)
 r - a +0 ring mail (worn)
 u - a +2 scale mail of positive energy
Jewellery
 l - an amulet of regeneration (around neck)
 p - a ring of ice
 y - an amulet of faith
Wands
 k - a wand of flame (23)
 t - a wand of iceblast (14)
Scrolls
 b - 2 scrolls of blinking
 d - 2 scrolls of identify
 e - 2 scrolls of amnesia
 o - a scroll of teleportation
 x - a scroll of vulnerability {unknown}
Potions
 n - a potion of brilliance


   Skills:
 + Level 5.6 Fighting
 + Level 3.2 Short Blades
 + Level 3.2 Long Blades
 + Level 3.2 Axes
 + Level 3.2 Maces & Flails
 + Level 3.2 Polearms
 + Level 3.2 Staves
 + Level 3.2 Slings
 + Level 3.2 Bows
 + Level 3.2 Crossbows
 + Level 4.2 Throwing
 + Level 4.2 Armour
 + Level 5.6 Dodging
 + Level 3.2 Stealth
 + Level 3.2 Shields
 + Level 5.6 Unarmed Combat
 + Level 6.0 Spellcasting
 + Level 2.6 Conjurations
 + Level 2.6 Hexes
 + Level 2.6 Summonings
 + Level 2.6 Necromancy
 + Level 6.1 Translocations
 + Level 2.6 Transmutations
 + Level 2.6 Fire Magic
 + Level 2.6 Ice Magic
 + Level 2.6 Air Magic
 + Level 2.6 Earth Magic
 + Level 2.6 Poison Magic
 + Level 3.5 Invocations
 + Level 3.2 Evocations


You had 9 spell levels left.
You knew the following spells:

 Your Spells              Type           Power      Damage    Failure   Level
a - Blink                 Tloc           42%        N/A       4%          2
b - Teleport Other        Tloc           21%        N/A       9%          3
c - Manifold Assault      Tloc           21%        N/A       61%         5

Your spell library contained the following spells:

 Spells                   Type           Power      Damage    Failure   Level
 Gell's Gravitas          Tloc           21%        N/A       9%          3
 Lesser Beckoning         Tloc           21%        N/A       9%          3
 Summon Forest            Summ/Tloc      8%         N/A       85%         5
 Eringya's Noxious Bog    Tmut/Pois      5%         N/A       100%        6
 Summon Hydra             Summ           5%         N/A       100%        7


Dungeon Overview and Level Annotations

Branches:
Dungeon (7/15)             Temple (1/1) D:5

Altars:
Ashenzari
Dithmenos
Elyvilon
Fedhas
Makhleb
Nemelex Xobeh
Okawaru
Qazlal
Ru
Trog
Uskayaw
Vehumet
Wu Jian
Zin
The Shining One

Shops:
D:4 [

Annotations:
D:5 3 runed translucent doors, SirFunk's ghost, novice DjNe; bande's ghost, novice GrFi
D:7 Prince Ribbit


Innate Abilities, Weirdness & Mutations

You have very sharp teeth.
Your uncanny sense of smell can sniff out nearby items.
Your experience applies equally to all skills.


Message History

Prince Ribbit is moderately wounded.
Prince Ribbit lets out a mournful croak.
Prince Ribbit blinks!
The centaur wields a +0 shortbow of freezing.
It is covered in frost.
The centaur shoots an arrow.
The arrow closely misses you.
The centaur unwields a +0 shortbow of freezing.
The centaur closely misses you.
The centaur kicks you but does no damage.
There is a broken door, spattered with blood here.
You hit the centaur.
The centaur is lightly wounded.
The centaur closely misses you.
The centaur kicks you but does no damage.
The centaur barely misses you. The centaur kicks you.
The centaur wields a +0 shortbow of freezing.
It is covered in frost.
The centaur shoots an arrow.
The arrow hits you. The arrow freezes you.
Items here: ))) [[[ ††.
You miss Prince Ribbit. Your bite misses Prince Ribbit.
Prince Ribbit is moderately wounded.
Prince Ribbit barely misses you. Prince Ribbit hits you.
You miss Prince Ribbit.
Prince Ribbit is moderately wounded.
Prince Ribbit misses you. Prince Ribbit hits you!
* * * LOW HITPOINT WARNING * * *
Unknown command.
You slash Prince Ribbit!
Prince Ribbit is heavily wounded.
Prince Ribbit hits you!
* * * LOW HITPOINT WARNING * * *
Unknown command.
Okay, then.
Okay, then.
As you read the scroll of teleportation, it crumbles to dust.
You feel strangely unstable.
Prince Ribbit blinks!
The centaur shoots an arrow.
The arrow hits you!
* * * LOW HITPOINT WARNING * * *
The arrow freezes you.
You die...

..... .... ∆ ∆
... .. # .##+#
###.######W#.#
......F<####.###
#.......c§@....+
#........###.###
#.......## .#.#
###.##### +#.#
#. .# # #


You could see Prince Ribbit, a shadow and a centaur.

Vanquished Creatures
  A black bear (D:3)
  A sky beast (D:6)
  An orc warrior (D:6)
  An ogre (D:5)
  Blork the orc (D:5)
  A scorpion (D:5)
  3 wights (D:5)
  2 bullfrog zombies (D:5)
  3 hounds
  An orc priest (D:7)
  A jelly (D:4)
  3 iguanas
  Ijyb (D:4)
  2 orc wizards (D:7)
  A scorpion zombie (D:5)
  A hound zombie (D:5)
  3 adders
  A howler monkey skeleton (D:5)
  A shadow imp (D:5)
  2 ufetubi (D:5)
  2 worms
  A dart slug (D:2)
  14 orcs
  2 bats
  7 endoplasms
  3 giant cockroaches
  10 goblins
  9 hobgoblins
  6 kobolds
  A quokka (D:4)
  7 ball pythons
  7 rats
100 creatures vanquished.

Notes
Turn   | Place    | Note
-------+----------+-------------------------------------------
     0 | D:1      | Shayle the Gnoll Warper began the quest for the Orb.
     0 | D:1      | Reached XP level 1. HP: 20/20 MP: 6/6
   185 | D:1      | Reached XP level 2. HP: 19/26 MP: 7/7
   335 | D:1      | Found a faded altar of an unknown god.
  1311 | D:2      | Reached XP level 3. HP: 30/31 MP: 9/9
  1331 | D:2      | Reached skill level 5 in Spellcasting
  1972 | D:2      | Reached skill level 1 in Invocations
  2242 | D:3      | Reached skill level 1 in Short Blades
  2242 | D:3      | Reached skill level 1 in Long Blades
  2242 | D:3      | Reached skill level 1 in Axes
  2242 | D:3      | Reached skill level 1 in Maces & Flails
  2242 | D:3      | Reached skill level 1 in Polearms
  2242 | D:3      | Reached skill level 1 in Staves
  2242 | D:3      | Reached skill level 1 in Slings
  2242 | D:3      | Reached skill level 1 in Bows
  2242 | D:3      | Reached skill level 1 in Crossbows
  2242 | D:3      | Reached skill level 1 in Stealth
  2242 | D:3      | Reached skill level 1 in Shields
  2242 | D:3      | Reached skill level 1 in Evocations
  2242 | D:3      | Reached XP level 4. HP: 38/38 MP: 11/11
  2296 | D:3      | Found a shadowy altar of Dithmenos.
  2407 | D:3      | Found a radiant altar of Vehumet.
  2591 | D:3      | Noticed a black bear
  2625 | D:3      | Killed a black bear
  2626 | D:3      | Reached skill level 1 in Conjurations
  2626 | D:3      | Reached skill level 1 in Hexes
  2626 | D:3      | Reached skill level 1 in Summonings
  2626 | D:3      | Reached skill level 1 in Necromancy
  2626 | D:3      | Reached skill level 1 in Transmutations
  2626 | D:3      | Reached skill level 1 in Fire Magic
  2626 | D:3      | Reached skill level 1 in Ice Magic
  2626 | D:3      | Reached skill level 1 in Air Magic
  2626 | D:3      | Reached skill level 1 in Earth Magic
  2626 | D:3      | Reached skill level 1 in Poison Magic
  2626 | D:3      | Reached XP level 5. HP: 14/43 MP: 12/12
  3487 | D:4      | Reached XP level 6. HP: 50/50 MP: 13/13
  3497 | D:4      | Found a bloodstained altar of Trog.
  3878 | D:4      | Noticed Ijyb
  3898 | D:4      | Killed Ijyb
  4053 | D:4      | Found Rasut's Armour Boutique.
  4200 | D:5      | Entered Level 5 of the Dungeon
  4208 | D:5      | Reached skill level 5 in Fighting
  4208 | D:5      | Reached skill level 5 in Dodging
  4208 | D:5      | Reached skill level 5 in Unarmed Combat
  4322 | D:6      | Noticed a sky beast
  4327 | D:6      | Learned a level 2 spell: Blink
  4331 | D:6      | Learned a level 3 spell: Teleport Other
  4337 | D:6      | Learned a level 5 spell: Manifold Assault
  4355 | D:5      | Found a runed translucent gate.
  4355 | D:5      | Found a runed translucent gate.
  4355 | D:5      | Found a runed translucent gate.
  4372 | D:5      | Noticed SirFunk's ghost (novice DjNe)
  4372 | D:5      | Noticed bande's ghost (novice GrFi)
  4389 | D:5      | Noticed Blork the orc
  4400 | D:5      | Killed Blork the orc
  4401 | D:5      | Reached XP level 7. HP: 29/56 MP: 11/15
  4883 | D:5      | Found a staircase to the Ecumenical Temple.
  4897 | Temple   | Entered the Ecumenical Temple
  5056 | D:5      | Reached XP level 8. HP: 27/63 MP: 16/16
  5395 | D:6      | Noticed a yak
  5397 | D:6      | Noticed a yak
  5397 | D:6      | Noticed a yak
  5397 | D:6      | Noticed a yak
  5402 | D:7      | Found Dyubus's Jewellery Boutique.
  5421 | D:7      | Noticed Prince Ribbit
  5435 | D:7      | Noticed a shadow
  5443 | D:7      | HP: 1/64 [centaur/arrow (12)]
  5443 | D:7      | Shot with an arrow by a centaur

Illustrated notes

Levels and vault maps discovered:
D:1:      ncdulo_halloftheorcs, layout_basic, basic_ecumenical_altar,
          st_stairs_9
D:2:      layout_loops_ring, chequers_serial_rivers_micro_c
D:3:      layout_basic, nicolae_dithmenos_the_darkroom, vehumet_altar_wand_db,
          st_stairs_2
D:4:      layout_loops_ring, bloody_trog, serial_shops, shop_statue, uniq_ijyb
D:5:      layout_gridville, minmay_temple_entry_junction_2,
          gammafunk_ghost_cemetery, corner_web_ring, st_stairs_7,
          uniq_blork_the_orc
D:6:      layout_loops_ring, slow_altar_1, grunt_temple_overflow_open,
          nicolae_sextant, lightli_minifort
D:7:      layout_basic, lemuel_tele_altar, serial_shops,
          nicolae_shop_hallway_plus, uniq_prince_ribbit1
Temple:   minmay_temple_bridge_abc

Skill      XL: |  1  2  3  4  5  6  7  8 |
---------------+-------------------------+-----
Spellcasting   | 5 6 |  6.0
Invocations    | 1 2 3 |  3.5
Short Blades   | 1 2 3 |  3.2
Long Blades    | 1 2 3 |  3.2
Axes           | 1 2 3 |  3.2
Maces & Flails | 1 2 3 |  3.2
Polearms       | 1 2 3 |  3.2
Staves         | 1 2 3 |  3.2
Slings         | 1 2 3 |  3.2
Bows           | 1 2 3 |  3.2
Crossbows      | 1 2 3 |  3.2
Stealth        | 1 2 3 |  3.2
Shields        | 1 2 3 |  3.2
Evocations     | 1 2 3 |  3.2
Throwing       | 3 4 |  4.2
Armour         | 3 4 |  4.2
Conjurations   | 1 2 |  2.6
Hexes          | 1 2 |  2.6
Summonings     | 1 2 |  2.6
Necromancy     | 1 2 |  2.6
Transmutations | 1 2 |  2.6
Fire Magic     | 1 2 |  2.6
Ice Magic      | 1 2 |  2.6
Air Magic      | 1 2 |  2.6
Earth Magic    | 1 2 |  2.6
Poison Magic   | 1 2 |  2.6
Fighting       | 5 |  5.6
Dodging        | 5 |  5.6
Unarmed Combat | 5 |  5.6
Translocations | 6 |  6.1

Action                   |  1- 3 |  4- 6 |  7- 9 || total
-------------------------+-------+-------+-------++-------
Melee: Unarmed           |    36 |       |       ||    36
       Bite              |    13 |    12 |    11 ||    36
       Lajatang          |    50 |   174 |   134 ||   358
Throw: Boomerang         |       |    11 |     3 ||    14
       Dart              |       |       |     3 ||     3
 Cast: Teleport Other    |       |     3 |     2 ||     5
Evoke: Wand              |       |       |     2 ||     2
  Use: Scroll            |     3 |     3 |     1 ||     7
       Potion            |       |       |     5 ||     5
 Stab: Sleeping          |     2 |     1 |       ||     3
       Invisible         |       |       |     1 ||     1
Armor: Leather armour    |    22 |    37 |       ||    59
       Ring mail         |       |    33 |    60 ||    93
Dodge: Dodged            |    64 |   136 |   104 ||   304

Table legend: (Time is in decaauts)
 A = Elapsed time spent in this place.
 B = Non-inter-level travel time spent in this place.
 C = Inter-level travel time spent in this place.
 D = Time resting spent in this place.
 E = Time spent auto-exploring this place.
 F = Levels seen in this place.
 G = Mean time per level.
                   A        B        C        D        E       F      G
               +--------+--------+--------+--------+--------+-----+--------+
         Total |   5537 |   5371 |    166 |   1192 |   2803 |   8 |  692.1 |
       Dungeon |   5444 |   5313 |    131 |   1192 |   2763 |   7 |  777.7 |
        Temple |     92 |     57 |     35 |      0 |     40 |   1 |   92.0 |
               +--------+--------+--------+--------+--------+-----+--------+

Top non-repeatable levels by time:
     D:3: 1159 daAuts
     D:1: 1152 daAuts
     D:2: 1086 daAuts
     D:5: 952 daAuts
     D:4: 858 daAuts
     D:6: 186 daAuts
  Temple: 92 daAuts
     D:7: 48 daAuts
